Cogmind - Beta 15 @@@ ROGUE MODE // 2025.05.28 @ 23:49:17 Player: Triffids Result: Self-destructed Performance ------------- Evolutions (1) 500 Regions Visited (3) 600 Robots Destroyed (20) 100 Value Destroyed (382) 382 Prototype IDs (2) 40 Alien Tech Used (0) 0 Bonus (0) 0 TOTAL SCORE: 1622 Bonus ------- None Cogmind --------- Core Integrity 273/400 Matter 260/300 Energy 250/250 System Corruption 0% Temperature Cool (0) Movement Walking (130) Location -9/Mines Parts ------- > --- POWER (1) -------- Ion Engine > --- PROPULSION (2) --- Titanium Leg Titanium Leg > --- UTILITY (4) ------ Improved Terrain Scanner Terrain Scan Processor Seismic Detector Hardened Light Armor Plating > --- WEAPON (2) ------- Heavy Particle Cannon Heavy Assault Rifle > --- INVENTORY (5) ---- Improved Ion Engine Titanium Leg Hardened Light Armor Plating Heavy Particle Cannon Mini Grenade Launcher Peak State ------------ > --- POWER ------------ Ion Engine > --- PROPULSION ------- Titanium Leg Titanium Leg > --- UTILITY ---------- Improved Terrain Scanner Terrain Scan Processor Seismic Detector Hardened Light Armor Plating > --- WEAPON ----------- Heavy Particle Cannon Mini Grenade Launcher > --- INVENTORY -------- Light Ion Engine Titanium Leg Hardened Light Armor Plating Heavy Particle Cannon Assault Rifle [Rating: 21] Favorites ----------- Power Ion Engine Engine Ion Engine Propulsion Aluminum Leg Leg Aluminum Leg Utility Seismic Detector Device Seismic Detector Storage Small Storage Unit Processor Terrain Scan Processor Protection Hardened Light Armor Plating Weapon Assault Rifle Energy Gun Small Laser Energy Cannon Heavy Particle Cannon Ballistic Gun Assault Rifle Launcher Mini Grenade Launcher Build | -11 -10 -9 -9 ------- Run | Yrd Mat Mat Min Slots Evolved 2 | . . 2 . Power . | . . . . Propulsion . | . . . . Utility 2 | . . 2 . Weapon . | . . . . Parts Attached 17 | 7 3 7 . Power 1 | 1 . . . Engine 1 | 1 . . . Core . | . . . . Reactor . | . . . . Propulsion 4 | 2 . 2 . Treads . | . . . . Leg 4 | 2 . 2 . Wheel . | . . . . Hover . | . . . . Flight . | . . . . Utility 6 | 2 2 2 . Device 2 | 1 . 1 . Storage 1 | 1 . . . Processor 1 | . . 1 . Hackware . | . . . . Protection 2 | . 2 . . Artifact . | . . . . Weapon 6 | 2 1 3 . Energy Gun 1 | 1 . . . Energy Cannon 2 | . 1 1 . Ballistic Gun 2 | 1 . 1 . Ballistic Cannon . | . . . . Launcher 1 | . . 1 . Special Weapon . | . . . . Impact Weapon . | . . . . Slashing Weapon . | . . . . Piercing Weapon . | . . . . Special Melee Weapon . | . . . . Unidentified Prototypes . | . . . . Parts Lost . | . . . . Power . | . . . . Propulsion . | . . . . Utility . | . . . . Weapon . | . . . . Highest Loss Streak . | . . . . To Critical Strikes . | . . . . Average Backups 4 | 2 4 4 5 Power 1 | 1 1 1 1 Propulsion . | . . . 1 Utility 1 | . 2 1 1 Weapon 1 | 1 1 1 2 Tool/Special . | . . . . Unused Backups 9 | . 2 3 4 Power 2 | . . 1 1 Propulsion 1 | . . . 1 Utility 2 | . . 1 1 Weapon 4 | . 2 1 1 Tool/Special . | . . . . Average Slot Usage (%) 99 | . 100 99 100 Engine 11 | . 14 11 11 Leg 23 | . 28 22 22 Device 19 | . 14 22 22 Processor 7 | . . 10 11 Protection 11 | . 12 11 11 Energy Cannon 11 | . 12 11 11 Ballistic Gun 11 | . 14 10 10 Peak Build Rating 21 | 7 8 21 21 Average Rating 14 | 5 7 18 21 On Entrance 9 | . 7 8 21 Naked Turns . | . . . . Heaviest Build 21 | 14 16 21 21 Greatest Support 34 | 20 20 34 34 Greatest Overweight (x) 1 | 1 . . . Average Overweight (x) . | . . . . Largest Inventory Capacity 8 | 8 8 5 5 Average Capacity 5 | 7 5 5 5 Most Carried 7 | 5 7 5 5 Average Carried 4 | 2 4 4 5 Final Capacity 8 | 8 5 5 5 Final Carried 5 | 4 5 5 5 Class Distribution -------------------- 100% | Mutant Dominant Class ---------------- Mutant | -10/Materials Mutant | -9/Materials Mutant | -9/Mines Resources | -11 -10 -9 -9 ----------- Run | Yrd Mat Mat Min Matter Collected 545 | 237 93 176 39 Remotely . | . . . . Salvage Created 441 | 58 . 292 91 Parts 47 | 13 . 28 6 Haulers Intercepted 1 | . . 1 . Recyclers Shooed . | . . . . Parts Field Recycled . | . . . . Retrieved Matter . | . . . . Parts Self-Destructed . | . . . . Prevented . | . . . . Kills | -11 -10 -9 -9 ------- Run | Yrd Mat Mat Min Combat Hostiles Destroyed 13 | . . 8 5 Guns 3 | . . 2 1 Cannons 5 | . . 4 1 AOE 5 | . . 2 3 Classes Destroyed 7 | 1 . 6 . Worker 1 | . . 1 . Builder 1 | . . 1 . Tunneler 4 | 4 . . . Hauler 1 | . . 1 . Swarmer 6 | . . 3 3 Grunt 5 | . . 3 2 Sentry 2 | . . 2 . Best Kill Streak 5 | 3 . 5 3 Combat Bots Only 3 | . . 3 3 Max Kills in Single Turn 2 | 1 . 1 2 Gunslinging . | . . . . Exploded 2 | . . 1 2 Melee . | . . . . Uniques/NPCs Destroyed . | . . . . Combat | -11 -10 -9 -9 -------- Run | Yrd Mat Mat Min Hostile Shots Fired 75 | . . 47 28 Missed 23 | . . 16 7 Hits 52 | . . 31 21 Projectile 52 | . . 31 21 Critical Strikes 5 | . . 4 1 Damage Taken 645 | . . 357 288 Core 127 | . . 41 86 Absorbed by Shields . | . . . . Core Remaining (%) 100 | 100 100 . . Volleys Fired 50 | 10 1 24 15 Largest 2 | 2 2 2 2 Hottest 105 | 60 80 105 105 Shots Fired 97 | 20 2 48 27 Gun 55 | 20 1 21 13 Cannon 37 | . 1 24 12 Launcher 5 | . . 3 2 Special . | . . . . Kinetic 45 | 10 1 21 13 Thermal 47 | 10 1 24 12 Explosive 5 | . . 3 2 Electromagnetic . | . . . . Robot Hit Streak 7 | 3 2 7 6 Robot Miss Streak 4 | 1 . 4 2 Penetration Max . | . . . . Secondary Targets . | . . . . Shots Hit Robots 60 | 12 2 28 18 Core Hits 22 | 4 . 12 6 Critical Kills . | . . . . Critical Parts Destroyed . | . . . . Critical Strikes . | . . . . Melee Attacks . | . . . . Impact . | . . . . Slashing . | . . . . Piercing . | . . . . Sneak Attacks . | . . . . Combat Hostiles . | . . . . Follow-up Attacks . | . . . . Damage Inflicted 1546 | 153 31 810 552 Guns 440 | 153 14 155 118 Cannons 605 | . 17 363 225 Explosions 501 | . . 292 209 Melee . | . . . . Ramming . | . . . . Kinetic 361 | 74 14 155 118 Thermal 684 | 79 17 363 225 Explosive 501 | . . 292 209 Electromagnetic . | . . . . Impact . | . . . . Slashing . | . . . . Piercing . | . . . . Highest Corruption . | . . . . Average Corruption . | . . . . Corruption Purged . | . . . . Corruption Blocked . | . . . . Overload Shots . | . . . . Overflow Damage 5 | . . 5 . Projectiles 5 | . . 5 . Explosions . | . . . . Melee . | . . . . Knockbacks . | . . . . Impact . | . . . . Kinetic . | . . . . Secondary . | . . . . Self-Inflicted Damage . | . . . . Shots . | . . . . Rammed . | . . . . Targets Rammed . | . . . . Kicked . | . . . . Crushed . | . . . . Highest Temperature 303 | . 33 297 303 Average Temperature 146 | . 18 142 160 Received Heat Transfer 342 | . . 183 159 Effects 7 | . . 1 6 Energy Bleed 2 | . . 1 1 Interference 5 | . . . 5 Siege Activations . | . . . . Martial Activations . | . . . . Shielding Activations . | . . . . Robots Disrupted . | . . . . Combat Hostiles . | . . . . Robots Corrupted . | . . . . Combat Hostiles . | . . . . Parts Fried . | . . . . Impact Corruptions . | . . . . Robots Melted . | . . . . Combat Hostiles . | . . . . Parts Melted 1 | . . 1 . Heat Transferred 1137 | 175 37 592 333 Parts Sabotaged . | . . . . Parts Stolen . | . . . . Parts Stripped . | . . . . Power Chain Reactions . | . . . . Alert | -11 -10 -9 -9 ------- Run | Yrd Mat Mat Min Maximum Alert Level . | . . . . Low Security (%) 100 | 100 100 100 100 Level 1 . | . . . . Level 2 . | . . . . Level 3 . | . . . . Level 4 . | . . . . Level 5 . | . . . . High Security . | . . . . Max Security . | . . . . Peak Influence 171 | 15 . 171 151 Initial 58 | . . . 58 Average 49 | 3 . 75 98 Influence Increases 434 | 20 . 271 143 Destroy 0b10 Robot/C 260 | . . 160 100 Destroy 0b10 Robot/NC 35 | 20 . 15 . Destroy Leader 62 | . . 42 20 Successful Hack 6 | . . 6 . Destroy Structure 41 | . . 18 23 Lose Combat Pursuer 30 | . . 30 . Influence Decreases 323 | 20 . 120 183 Entered New Map 93 | . . . 93 Time Decay 230 | 20 . 120 90 Squads Dispatched 1 | . 1 . . Investigation 1 | . 1 . . Extermination . | . . . . Reinforcement . | . . . . Assault . | . . . . Garrison . | . . . . Intercept . | . . . . Searches Triggered . | . . . . Construction Impeded . | . . . . Haulers Reinforced . | . . . . Active Scanning Responses . | . . . . Cargo Convoy Interrupts . | . . . . Stealth | -11 -10 -9 -9 --------- Run | Yrd Mat Mat Min Distress Signals 1 | . . 1 . Communications Jammed . | . . . . Distress Signals . | . . . . Times Spotted 14 | . . 9 5 Peak Tracking Total 5 | . . 5 3 Tactical Retreats 2 | . . 2 . Traps | -11 -10 -9 -9 ------- Run | Yrd Mat Mat Min Traps Triggered 1 | . 1 . . Indirectly . | . . . . Trap Hack Attempts . | . . . . Triggered . | . . . . Disarmed . | . . . . Reprogrammed . | . . . . Reused . | . . . . Traps Extracted . | . . . . Installed . | . . . . Triggered . | . . . . Machines | -11 -10 -9 -9 ---------- Run | Yrd Mat Mat Min Machines Disabled . | . . . . Max in Single Turn . | . . . . Machines Repaired . | . . . . Machines Dismantled . | . . . . Machines Sabotaged . | . . . . Overloaded Fab Kills . | . . . . Hacking | -11 -10 -9 -9 --------- Run | Yrd Mat Mat Min Machines Accessed 3 | . 1 2 . Terminals 2 | . . 2 . Fabricators . | . . . . Repair Stations . | . . . . Recycling Units 1 | . 1 . . Scanalyzers . | . . . . Garrison Access . | . . . . Total Hacks 9 | . 2 7 . Successful 6 | . 2 4 . Failed 3 | . . 3 . Catastrophic 1 | . . 1 . Database Lockouts . | . . . . Manual 6 | . 1 5 . Terminals 7 | . . 7 . Fabricators . | . . . . Repair Stations . | . . . . Recycling Units 2 | . 2 . . Scanalyzers . | . . . . Garrison Access . | . . . . Terminal Hacks 3 | . . 3 . Prototype ID Bank 1 | . . 1 . Terminal Index 1 | . . 1 . Locate Traps 1 | . . 1 . Fabricator Hacks . | . . . . Repair Station Hacks . | . . . . Recycling Unit Hacks 1 | . 1 . . Report Inventory 1 | . 1 . . Scanalyzer . | . . . . Garrison Access Hacks . | . . . . Unauthorized Hacks 2 | . 1 1 . Terminals 1 | . . 1 . Botnet 1 | . . 1 . Fabricators . | . . . . Repair Stations . | . . . . Recycling Units 1 | . 1 . . Monitor 1 | . 1 . . Scanalyzers . | . . . . Garrison Access . | . . . . Data Cores Recovered . | . . . . Used . | . . . . Hacking Detections 2 | . . 2 . Full Trace Events . | . . . . Feedback Events . | . . . . Feedback Blocked . | . . . . Robot Schematics Acquired . | . . . . Robots Built . | . . . . Authchips . | . . . . Time . | . . . . Total Robot Build Rating . | . . . . Part Schematics Acquired . | . . . . Parts Built . | . . . . Authchips . | . . . . Time . | . . . . Total Part Build Rating . | . . . . Parts Repaired . | . . . . Time . | . . . . Parts Recycled . | . . . . Recycled Matter . | . . . . Retrieved Matter . | . . . . Retrieved Components . | . . . . Parts Scanalyzed . | . . . . Part Schematics Acquired . | . . . . Parts Damaged . | . . . . Bothacking | -11 -10 -9 -9 ------------ Run | Yrd Mat Mat Min Used RIF Installer . | . . . . Robots Hacked . | . . . . Non-combat . | . . . . Combat . | . . . . Robot Hacks Applied . | . . . . Relay Couplers Released . | . . . . Fabnet Peak Effective % . | . . . . Robots Rewired . | . . . . Allies Hacked . | . . . . Hacks Repelled . | . . . . Allies | -11 -10 -9 -9 -------- Run | Yrd Mat Mat Min Total Allies . | . . . . Largest Group . | . . . . Highest-Rated Group . | . . . . Highest-Rated Ally . | . . . . Total Orders . | . . . . Ally Attacks . | . . . . Total Damage . | . . . . Kills . | . . . . Allies Corrupted . | . . . . Allies Melted . | . . . . Intel | -11 -10 -9 -9 ------- Run | Yrd Mat Mat Min Active Infowar (turns) 815 | 27 259 330 199 Terrain 486 | . . 328 158 Seismic 815 | 27 259 330 199 Robot Analysis Total . | . . . . Derelict Logs Recovered 1 | . . . 1 Drone Launches . | . . . . Drone Recoveries . | . . . . Exploration | -11 -10 -9 -9 ------------- Run | Yrd Mat Mat Min Turns Passed 900 | 112 259 330 199 Spaces Moved 539 | 54 184 188 113 Core 15 | 15 . . . Treads . | . . . . Legs 524 | 39 184 188 113 Wheels . | . . . . Hover . | . . . . Flight . | . . . . Fastest Speed 50 | 50 120 120 130 Average Speed 123 | 111 120 127 130 Slowest Speed 130 | 120 120 130 130 Overloaded Moves . | . . . . Propulsion Burnouts . | . . . . Robots Hopped . | . . . . Potential Cave-ins . | . . . . Cave-ins Triggered . | . . . . Exploration Rate (%) 20 | 4 26 23 28 Regions Visited 3 Branch Regions 1 Pre-discovered Areas . | . . . . Known Exits Taken . | . . . . Unknown Exits Taken 3 | 1 1 1 . Scrap Searched . | . . . . Spaces Dug . | . . . . Terrain Destroyed 46 | . . 23 23 Melee . | . . . . Projectile 7 | . . 4 3 AOE 39 | . . 19 20 Terrain Rammed . | . . . . Walls Destroyed . | . . . . Machines Disabled . | . . . . Actions | -11 -10 -9 -9 --------- Run | Yrd Mat Mat Min Total 678 | 83 223 235 137 Wait 41 | 6 24 4 7 Move 536 | 53 183 187 113 Hop . | . . . . Pick Up 18 | 7 6 5 . Fast Attach 4 | 4 . . . Attach 6 | 3 1 2 . Detach . | . . . . Swap 10 | . 2 6 2 Drop 13 | . 6 7 . Fire 50 | 10 1 24 15 Melee . | . . . . Ram . | . . . . Kick . | . . . . Crush . | . . . . Escape Stasis . | . . . . Rewire . | . . . . Trap . | . . . . Miscellaneous . | . . . . Route ------- -11/Scrapyard -10/Materials -9/Materials -9/Mines (discovered 1 exit: [*Exi]) History --------- Turn | Location | Event 17 | -11/Scrapyard | Discovered new exit (range 14) 113 | -11/Scrapyard | Entered Materials 114 | -10/Materials | Met a group of wandering Federalists 310 | -10/Materials | Build established: Mutant 367 | -10/Materials | Discovered new exit (range 3) 372 | -10/Materials | Entered another Materials area 372 | -9/Materials | Evolved 2 slots: Utility x2 673 | -9/Materials | Discovered new exit (range 13) 702 | -9/Materials | Entered Mines 892 | -9/Mines | Deemed a non-threat by the Exiles lab entrance 893 | -9/Mines | Discovered new exit (range 5) 901 | -9/Mines | Self-destructed Last Messages --------------- GOAL=ESCAPE Something is scanning the area. 00711_ G-34 Mercenary destroyed. 00730_ Overheating: System interference. 00730_ Hvy. Assault Rifle temporarily disabled. 00731_ Overheating: System interference. 00731_ Imp. Terrain Scanner temporarily disabled. 00731_ Hvy. Particle Cannon temporarily disabled. 00731_ Imp. Terrain Scanner temporarily disabled. 00752_ Critical hit (Burn: +37). 00757_ Destroyed Lgt. Nuclear Core. 00759_ G-47 Trooper destroyed. 00762_ Overheating: Energy bleed (-57). 00763_ Acquired 39 matter. 00794_ Acquired derelict log, extracted data. Data stored: Lower Caves entrances (x1). 00805_ S-10 Pest destroyed. 00848_ T-07 Excavator is excavating. 00892_ "No threat detected, you may enter." 00893_ EXIT=FOUND Map ----- +----------------------------------------------------+ | ??????????????????#???? ???#???#???########? | | ??????????????????#?##? ???????#??## ##?#? | | ?????????????##?????????##?##??#### ###? | | ?????????????#???#???##?????##### ###? | | ???????? ?????#?##??????##### ### | | ???????????????#???????#????# ## ##? | | ?????? ?#????????????????#??# ### ## | | ??????????????#??######???### #?#### # | | ???????????????????#?##??##?# #?#?### # | | ??????????????#??#??????????# #?#?#?## | | ?????????#????#??#??#?#??##?# ######## ## | | ???????????????#??#????###### # # ### | | ?????????????????#????#?# # ### | | ????# $ ############# ##### ## | | ????# #??# * # | | ?????????# ###### ########??## | | ???????#??? ???#?# ###??#?#??# | | ????????#????????# #####?#?## ### ## | | ?????????????##### ##?#???## #?## ?## | | ?????? ???????#??# ###????# #?## ?## | | ????????? ??#???## ##?#?? ##### ??# | | ????? ?????????#?### #???#? ?###?## ?## | | ???????#??????#???## ##??####?#???# #?# | | ???? ?? ?????#?#??# #??##?#?#?#????##??# | | ???????? ?????#?## ##?#??#######?#?##?## | | ?????????? ??????#<@#???#???#?#???#??#?# | | ?????? ???????#??#####??????#??#??##?#?## # | | ???????? ???#????#??????#?????????#??#??#### | | ??????? ???????????????##???#?????#??#?#?#?? | | ???????????????????#?????###???#?##?#?#??#?? | | ??????????#??????????????????????#?????????? | | ??????#?????????????????#????#????#??##????? | | ???????????#????????????#??#??????##??????#? | | | | | | | | | | | | | | | | | | | | | | | | | | | | | | | | | | | +----------------------------------------------------+ Best States ------------- Heat Dissipation 28 Energy Generation 10 Energy Capacity 250 Matter Stores 300 Matter Capacity 300 Sight Range 16 Terrain Scan Range 16 Terrain Scan Density 85 Armor Coverage 150 Evasion (%) 55 Item Schematics ----------------- None Robot Schematics ------------------ None Fabricated ------------ Nothing Repaired ---------- Nothing Alien Tech Used ----------------- None Achievements -------------- None Challenges ------------ None Game ------ Seed PropulsionNuclearObliterator Manual? 0 Play Time 00:18:11 Cumulative 217.1 hours Start 2025.05.25 @ 14:49:14 End 2025.05.28 @ 23:49:17 Sessions 3 Manual Loads 0 Difficulty Rogue Special Mode None Game No. 377 Rogue 377 Adventurer 0 Explorer 0 Win Type - Total 1 Types 1/0/0/0/0/0/0/0/0/0 Lore% 29 Gallery% 46 Achievement% 38 Wizard Run 0 Options --------- Layout 1 ASCII 0 Keyboard 1 Movement Vi Keybinds 0 Fullscreen 0 Font 24/Smallcaps Map View 59x39 Zoom Use 0% Tactical HUD 1 Map Filters NONE Filters NONE Steam 1 RUN: 246de2d6-16b5-445c-9a15-1180a00d933e